 Dungeon Crawl Stone Soup version 0.31-a0-358-gac0dbeb3ab (webtiles) character file.

Game seed: 2144355816290885589

393 Maratek the Gusty (level 6, -3/48 HPs)
             Began as a Draconian Air Elementalist on July 25, 2023.
             Shot with an arrow by a centaur (4 damage)
             ... on level 5 of the Dungeon.
             The game lasted 00:15:05 (3434 turns).

Maratek the Gusty (Draconian Air Elementalist)      Turns: 3434, Time: 00:15:07

Health: -3/48      AC:  6    Str: 10    XL:     6   Next: 51%
Magic:  3/10       EV: 12    Int: 17    God:
Gold:   132        SH:  0    Dex: 12    Spells: 9/10 levels left

rFire   . . .        d - +1 war axe (drain)
rCold   . . .        (no shield)
rNeg    . . .        (body armour unavailable)
rPois   .            (helmet restricted)
rElec   .            (no cloak)
rCorr   .            (no gloves)
SInv    .            (no boots)
Will    .....        (no amulet)
Stlth   ++           f - +4 ring of slaying
HPRegen 0.28/turn    (no ring)
MPRegen 0.12/turn

%: no passive effects
@: very slightly contaminated
A: AC +6, unfitting armour, cold-blooded
a: no special abilities


You were on level 5 of the Dungeon.
You visited 1 branch of the dungeon, and saw 5 of its levels.

You collected 132 gold pieces.

Inventory:

Hand Weapons
 d - a +1 war axe of draining (weapon)
Jewellery
 f - a +4 ring of slaying (left hand)
Scrolls
 e - 2 scrolls of enchant armour
 g - a scroll of fear
 k - a scroll of noise {unknown}
Potions
 a - a potion of magic
 b - 2 potions of enlightenment {unknown}
 c - 2 potions of heal wounds {unknown}
 i - a potion of resistance {unknown}
 l - a potion of attraction {unknown}
 m - a potion of cancellation {unknown}
 n - a potion of berserk rage {unknown}
 o - a potion of haste {unknown}


   Skills:
 + Level 2.1 Fighting
 + Level 3.8 Axes
 + Level 2.6 Dodging
 + Level 2.9 Stealth
 + Level 2.6 Spellcasting
 + Level 1.5 Conjurations
 + Level 3.9 Air Magic


You had 9 spell levels left.
You knew the following spells:

 Your Spells              Type           Power      Damage    Failure   Level
a - Shock                 Conj/Air       44%        1d5       6%          1

Your spell library contained the following spells:

 Spells                   Type           Power      Damage    Failure   Level
 Static Discharge         Conj/Air       22%        2-3/arc   9%          2
 Swiftness                Air            15%        N/A       11%         3
 Airstrike                Air            7%         2d(2-18)  34%         4
 Summon Lightning Spire   Summ/Air       8%         N/A       63%         4
 Lee's Rapid Deconstruct  Erth           1%         3d4*      99%         5
 Animate Armour           Summ/Erth      Unusable   N/A       N/A         4

Dungeon Overview and Level Annotations

Branches:
Dungeon (5/15)
 Temple: D:4-7

Altars:
Xom

Annotations:
D:3 Natasha, Terence
D:4 Sigmund


Innate Abilities, Weirdness & Mutations

Your plain brown scales are hard. (AC +6)
You cannot fit into any form of body armour.
You are cold-blooded and may be slowed by cold attacks.


Message History

The zap hits the centaur.
The centaur is heavily wounded.
The centaur shoots an arrow.
The arrow closely misses you.
Casting: Shock (safe; 6% risk of failure)
Confirm with . or Enter, or press ? or * to list all spells.
Aiming: Shock (safe; 6% risk of failure)
Press: ? - help, Shift-Dir - straight line, f/p - centaur
Aim: a centaur, wielding a +0 shortbow (heavily wounded, 81% to hit)
The zap hits the centaur.
The centaur is severely wounded.
The centaur shoots an arrow.
The arrow hits you!
Casting: Shock (safe; 6% risk of failure)
Confirm with . or Enter, or press ? or * to list all spells.
Aiming: Shock (safe; 6% risk of failure)
Press: ? - help, Shift-Dir - straight line, f/p - centaur
Aim: a centaur, wielding a +0 shortbow (severely wounded, 81% to hit)
The zap hits the centaur.
The centaur is almost dead.
The centaur shoots an arrow.
The arrow hits you!
* * * LOW HITPOINT WARNING * * *
The centaur shoots an arrow.
The arrow hits you.
* * * LOW HITPOINT WARNING * * *
Casting: Shock (safe; 6% risk of failure)
Confirm with . or Enter, or press ? or * to list all spells.
Aiming: Shock (safe; 6% risk of failure)
Press: ? - help, Shift-Dir - straight line, f/p - centaur
Aim: a centaur, wielding a +0 shortbow (almost dead, 81% to hit)
You miscast Shock.
You are very lightly contaminated with residual magic.
Nothing appears to happen.
The centaur shoots an arrow.
The arrow hits you.
* * * LOW HITPOINT WARNING * * *
Casting: Shock (safe; 6% risk of failure)
Confirm with . or Enter, or press ? or * to list all spells.
Aiming: Shock (safe; 6% risk of failure)
Press: ? - help, Shift-Dir - straight line, f/p - centaur
Aim: a centaur, wielding a +0 shortbow (almost dead, 81% to hit)
The zap hits the centaur.
The centaur is almost dead.
The centaur shoots an arrow.
The arrow hits you.
You die...

### ..# #># #.# # #.#
####.##.#######
.....c.@.......
####!##.####### . #.##.#
. # #.##.# # .# #.##.#
####. #.##.# ##.. #.##.#
##.# #.##.# #####
##.##########.##.#......


You could see a centaur.

Vanquished Creatures
  A black bear (D:5)
  2 ogres
  A hound (D:4)
  A gnoll (D:4)
  3 adders
  An ufetubus (D:4)
  A worm (D:2)
  A dart slug (D:1)
  2 orcs (D:4)
  8 ball pythons
  5 bats
  4 endoplasms
  A giant cockroach (D:4)
  10 goblins
  6 hobgoblins
  2 quokkas
  5 frilled lizards
  7 kobolds
  5 rats
66 creatures vanquished.

Notes
Turn   | Place    | Note
-------+----------+-------------------------------------------
     0 | D:1      | Maratek the Draconian Air Elementalist began the quest for
                  | the Orb.
     0 | D:1      | Reached XP level 1. HP: 14/14 MP: 3/3
   279 | D:1      | Reached XP level 2. HP: 20/20 MP: 0/5
  1051 | D:2      | Reached XP level 3. HP: 26/26 MP: 2/6
  1791 | D:2      | Found a faded altar of an unknown god.
  1820 | D:2      | Reached skill level 1 in Axes
  2009 | D:2      | Reached XP level 4. HP: 34/34 MP: 7/7
  2194 | D:3      | Noticed an ogre
  2200 | D:3      | Killed an ogre
  2201 | D:3      | Reached skill level 1 in Fighting
  2201 | D:3      | Reached XP level 5. HP: 40/40 MP: 4/8
  2297 | D:3      | Noticed Natasha
  2514 | D:3      | Noticed Terence
  2667 | D:4      | Found a shimmering altar of Xom.
  2837 | D:4      | Noticed an ogre
  2846 | D:4      | Killed an ogre
  2847 | D:4      | Reached XP level 6. HP: 45/48 MP: 9/9
  3193 | D:4      | Noticed Sigmund
  3204 | D:5      | Entered Level 5 of the Dungeon
  3433 | D:5      | HP: 1/48 [centaur/arrow (5)]
  3434 | D:5      | Shot with an arrow by a centaur

Illustrated notes

Levels and vault maps discovered:
D:1:      dpeg_arrival_shrine, layout_basic
D:2:      layout_basic, ebering_ecumenical_altar_hall
D:3:      layout_basic, nicolae_sif_muna_little_library, serial_forest,
          infiniplex_forest_lined_3, infiniplex_forest_clump_C,
          infiniplex_forest_lined_3, infiniplex_forest_lined_2,
          infiniplex_forest_clump_medium, infiniplex_forest_straight_2,
          infiniplex_forest_clump_small, infiniplex_forest_lined_corner,
          saegor_snake_ambush, uniq_natasha, uniq_terence
D:4:      layout_gridville, lemuel_tele_altar, uniq_sigmund
D:5:      wad_lake_hut, layout_basic, nicolae_overflow_crystal_walls,
          mainiacjoe_overflow_catwalk_spiral, serial_shops,
          nicolae_shop_rolling_square

Skill      XL: |  1  2  3  4  5  6 |
---------------+-------------------+-----
Stealth        | 2 |  2.9
Axes           | 1 2 3 |  3.8
Fighting       | 1 2 |  2.1
Dodging        | 2 |  2.6
Spellcasting   | |  2.6
Conjurations   | |  1.5
Air Magic      | |  3.9

Action                     |  1- 3 |  4- 6 || total
---------------------------+-------+-------++-------
  Melee: Unarmed           |     3 |       ||     3
         War axe           |    75 |    50 ||   125
         Tailslap          |     2 |     3 ||     5
         Punch             |       |     3 ||     3
   Cast: Shock             |    27 |    13 ||    40
    Use: Scroll            |       |     5 ||     5
   Stab: Sleeping          |     2 |     1 ||     3
 Armour: Skin              |    46 |    23 ||    69
  Dodge: Dodged            |    58 |    43 ||   101

Table legend: (Time is in decaauts)
 A = Elapsed time spent in this place.
 B = Non-inter-level travel time spent in this place.
 C = Inter-level travel time spent in this place.
 D = Time resting spent in this place.
 E = Time spent auto-exploring this place.
 F = Levels seen in this place.
 G = Mean time per level.
                   A        B        C        D        E       F      G
               +--------+--------+--------+--------+--------+-----+--------+
         Total |   3491 |   3407 |     84 |    533 |   1504 |   5 |  698.2 |
       Dungeon |   3491 |   3407 |     84 |    533 |   1504 |   5 |  698.2 |
               +--------+--------+--------+--------+--------+-----+--------+

Top non-repeatable levels by time:
     D:2: 1139 daAuts
     D:1: 1058 daAuts
     D:4: 845 daAuts
     D:5: 231 daAuts
     D:3: 216 daAuts
